 Dungeon Crawl Stone Soup version 0.26-a0-660-gc07710193c (console) character file.

Game seed: 17644018985980010867

1592 om the Chopper (level 8, -2/97 (99) HPs)
             Began as a Hill Orc Fighter on Oct 5, 2020.
             Was a Priest of Okawaru.
             Slain by an orc wizard
             ... wielding a +0 dagger
              (4 damage)
             ... on level 7 of the Dungeon.
             The game lasted 00:11:21 (6789 turns).

om the Chopper (Hill Orc Fighter)                   Turns: 6789, Time: 00:11:22

HP:   -2/97 (99)    AC:  9    Str: 21    XL:     8   Next: 93%
MP:   11/11         EV: 10    Int:  8    God:    Okawaru [***...]
Gold: 321           SH: 10    Dex: 10    Spells: 7/7 levels left

rFire    . . .     SeeInvis .   a - +0 war axe
rCold    . . .     Faith    .   c - +0 kite shield
rNeg     . . .     Spirit   .   b - +0 scale mail
rPois    .         Reflect  .   (no helmet)
rElec    .         Harm     .   r - scarf {+Inv}
rCorr    .         Rampage  .   (no gloves)
MR       .....                  q - +1 pair of boots
Stlth    ..........             (no amulet)
HPRegen  0.26/turn              (no ring)
MPRegen  0.12/turn              (no ring)

@: berserking (expiring), very quick
A: no striking features
a: Heroism, Renounce Religion, Evoke Invisibility


You were on level 7 of the Dungeon.
You worshipped Okawaru.
Okawaru was most pleased with you.
You visited 1 branch of the dungeon, and saw 7 of its levels.

You collected 357 gold pieces.
You spent 36 gold pieces at shops.

Inventory:

Hand Weapons
 a - a +0 war axe (weapon)
Armour
 b - a +0 scale mail (worn)
 c - a +0 kite shield (worn)
 q - a +1 pair of boots (worn)
 r - a scarf of invisibility (worn)
Wands
 j - a wand of disintegration (13)
 k - a wand of polymorph (3)
 t - a wand of acid (5)
Scrolls
 e - a scroll of immolation
 f - 3 scrolls of enchant armour
 g - a scroll of holy word
 h - 4 scrolls of remove curse
 i - 2 scrolls of teleportation
 l - 2 scrolls of amnesia
 o - a scroll of random uselessness {unknown}
 p - 2 scrolls of magic mapping
Potions
 d - a potion of might
 n - 3 potions of curing
 s - a potion of heal wounds
 u - a potion of degeneration {unknown}


   Skills:
 + Level 4.3 Fighting
 - Level 5.0 Axes
 - Level 5.0 Armour
 - Level 5.0 Dodging
 - Level 5.0 Shields
 - Level 5.0 Invocations
 - Level 5.0 Evocations


You had 7 spell levels left.
You didn't know any spells.
Your spell library was empty.

Dungeon Overview and Level Annotations

Branches:
Dungeon (7/15)             Temple (0/1) D:5

Altars:
Cheibriados
Dithmenos
Elyvilon
Fedhas
Okawaru
Trog
Uskayaw
Vehumet
Yredelemnul
Zin

Shops:
D:4 !   D:6 (

Annotations:
D:6 1 runed translucent door, Crazy Yiuf


Message History

The orc wizard casts a spell.
The orc wizard flickers and vanishes!
Deactivating autopickup; reactivate with Ctrl-A.
You hit the big kobold.
The big kobold is heavily wounded.
The big kobold hits you but does no damage.
You slash the big kobold!
You kill the big kobold!
Okawaru accepts your kill.
You slash the phantom! The phantom hits you.
* * * LOW HITPOINT WARNING * * *
The kobold throws a poisoned dart.
You slash the phantom!
You destroy the phantom!
Okawaru accepts your kill.
Training target 5.0 for Dodging reached!
Your Dodging skill increases to level 5!
You need to enable at least one skill for training.
You hit something. You block something's attack. Something hits you.
You die...

##.# #<# . ##..#
#.# .#
#...####..## #.#
..# #..^...## #.#
#.# #. ######.###
#.# #..#...
#...###.###..##.#
#.#...#.#$..##..#
...###.....# ...
#.####.>K...##.#
#. #.##{#.(..# #
... #@###o## .###
#))#..o.# #
##...##..# ....##
.... .......
..... .######.
..... .. .... ..
....


You could see a kobold.

Vanquished Creatures
  An orc warrior (D:7)
  An ice beast (D:6)
  2 phantoms
  A necrophage (D:6)
  An ogre (D:4)
  A big kobold (D:7)
  A bullfrog (D:6)
  A water moccasin zombie (D:7)
  4 scorpions
  5 wights (D:6)
  4 orc priests
  A hound (D:3)
  3 orc wizards
  2 worker ants
  A hound zombie (D:6)
  A hound skeleton (D:6)
  A worker ant zombie (D:6)
  7 adders
  A gnoll (D:1)
  An ufetubus (D:5)
  2 adder skeletons
  2 worms
  A dart slug (D:1)
  2 leopard geckos (D:5)
  11 orcs
  2 giant cockroaches
  4 goblins
  4 hobgoblins
  5 jackals
  5 quokkas
  A ball python (D:2)
  9 bats
  6 frilled lizards
  5 kobolds
  A quokka skeleton (D:5)
  4 rats (D:1)
104 creatures vanquished.

Vanquished Creatures (others)
  An orc (D:3)
1 creature vanquished.

Grand Total: 105 creatures vanquished

Notes
Turn   | Place    | Note
-------+----------+-------------------------------------------
     0 | D:1      | om the Hill Orc Fighter began the quest for the Orb.
     0 | D:1      | Reached XP level 1. HP: 19/19 MP: 1/1
   166 | D:1      | Reached XP level 2. HP: 18/27 MP: 2/2
   524 | D:1      | Reached XP level 3. HP: 29/33 MP: 3/3
  1081 | D:2      | Found an iron altar of Okawaru.
  1089 | D:2      | Became a worshipper of Warmaster Okawaru
  1436 | D:2      | Found a white marble altar of Elyvilon.
  1440 | D:2      | You fall into a shaft and drop 2 floors!
  1453 | D:4      | Found a snail-covered altar of Cheibriados.
  1620 | D:3      | Reached XP level 4. HP: 40/40 MP: 4/4
  1996 | D:3      | Reached skill level 1 in Dodging
  2456 | D:3      | Found a radiant altar of Vehumet.
  2566 | D:3      | Found a shadowy altar of Dithmenos.
  2704 | D:3      | Found a blossoming altar of Fedhas.
  3149 | D:4      | Reached XP level 5. HP: 42/46 MP: 5/5
  3155 | D:4      | Reached skill level 5 in Axes
  3881 | D:4      | Reached XP level 6. HP: 50/52 MP: 6/6
  3897 | D:4      | Found a bloodstained altar of Trog.
  3907 | D:4      | Reached * piety under Okawaru
  4103 | D:4      | Found Xulue's Distillery.
  4109 | D:4      | Bought a potion of curing for 36 gold pieces
  4409 | D:5      | Entered Level 5 of the Dungeon
  4511 | D:5      | Reached XP level 7. HP: 53/59 MP: 7/7
  4564 | D:5      | Reached skill level 5 in Armour
  4564 | D:5      | Reached skill level 5 in Shields
  4564 | D:5      | Reached skill level 1 in Invocations
  4564 | D:5      | Reached skill level 1 in Evocations
  5158 | D:5      | Found a staircase to the Ecumenical Temple.
  5433 | D:6      | Reached ** piety under Okawaru
  5502 | D:6      | Reached XP level 8. HP: 48/65 MP: 10/10
  5882 | D:6      | Found a basalt altar of Yredelemnul.
  5913 | D:6      | Found a hide-covered altar of Uskayaw.
  5980 | D:6      | Found Lasy's Weapon Emporium.
  6350 | D:6      | Found a glowing silver altar of Zin.
  6422 | D:6      | Found a runed translucent door.
  6423 | D:6      | Noticed Crazy Yiuf
  6776 | D:7      | Reached skill level 5 in Evocations
  6779 | D:7      | HP: 2/97 [orc warrior/+0 war axe (6)]
  6783 | D:7      | Reached *** piety under Okawaru
  6783 | D:7      | Reached skill level 5 in Invocations
  6788 | D:7      | HP: 2/97 [phantom (2)]
  6789 | D:7      | Reached skill level 5 in Dodging
  6789 | D:7      | Slain by an orc wizard

Illustrated notes

Levels and vault maps discovered:
D:1:      matt_arrival_diagonals, layout_loops_ring, hex_large,
          minmay_hedge_maze, roderic_filled_cross
D:2:      layout_loops_ring, overflow_temple_1_default,
          overflow_temple_1_default
D:3:      layout_loops_ring, fiery_altar_vehumet, lemuel_coloured_pillars_altar,
          grunt_ministairs_9, fedhas_altar_2
D:4:      layout_gridville, marbit_many_paths, cheibriados_altar_1,
          serial_shops, shop
D:5:      layout_loops_ring, minmay_temple_entry_statues
D:6:      layout_loops_ring, kennysheep_mini, zin_treasury, old_standard_altar,
          serial_shops, shop, uniq_crazy_yiuf_cottage
D:7:      layout_rooms, nicolae_tso_carved_into_rock, serial_shops,
          nicolae_shop_statue_plus, shop_fountains

Skill      XL: |  1  2  3  4  5  6  7  8 |
---------------+-------------------------+-----
Axes           | 3 4 5 |  5.0
Fighting       | 4 |  4.3
Dodging        | 1 2 3 5 |  5.0
Armour         | 4 5 |  5.0
Shields        | 4 5 |  5.0
Invocations    | 3 5 |  5.0
Evocations     | 3 5 |  5.0

Action                   |  1- 3 |  4- 6 |  7- 9 || total
-------------------------+-------+-------+-------++-------
Melee: War axe           |    83 |   145 |   215 ||   443
 Abil: Evoke Invisibilit |       |       |     1 ||     1
  Use: Potion            |     1 |     4 |     1 ||     6
       Scroll            |       |       |     8 ||     8
 Stab: Invisible         |       |       |     2 ||     2
Armor: Scale mail        |    35 |    58 |    88 ||   181
Dodge: Dodged            |    20 |    32 |    85 ||   137
Block: Kite shield       |    36 |    76 |   119 ||   231

Table legend: (Time is in decaauts)
 A = Elapsed time spent in this place.
 B = Non-inter-level travel time spent in this place.
 C = Inter-level travel time spent in this place.
 D = Time resting spent in this place.
 E = Time spent auto-exploring this place.
 F = Levels seen in this place.
 G = Mean time per level.
                   A        B        C        D        E       F      G
               +--------+--------+--------+--------+--------+-----+--------+
         Total |   6939 |   6635 |    304 |   1847 |   3775 |   7 |  991.3 |
       Dungeon |   6939 |   6635 |    304 |   1847 |   3775 |   7 |  991.3 |
               +--------+--------+--------+--------+--------+-----+--------+

Top non-repeatable levels by time:
     D:4: 1461 daAuts
     D:6: 1441 daAuts
     D:3: 1166 daAuts
     D:2: 1016 daAuts
     D:5: 934 daAuts
     D:1: 844 daAuts
     D:7: 73 daAuts
